 Dungeon Crawl Stone Soup version 0.29-a0-286-g41199d4a87 (webtiles) character file.

Game seed: 6722562259994545224

1003 Colgate the Jinx (level 8, -2/36 HPs)
             Began as a Spriggan Enchanter on Mar 16, 2022.
             Was an Initiate of Yredelemnul.
             Slain by a gnoll sergeant
             ... wielding a +0 spear
              (5 damage)
             ... on level 5 of the Dungeon.
             The game lasted 00:15:33 (5192 turns).

Colgate the Jinx (Spriggan Enchanter)               Turns: 5192, Time: 00:15:34

Health: -2/36      AC:  4    Str:  4    XL:     8   Next: 0%
Magic:  1/16       EV: 17    Int: 19    God:    Yredelemnul [......]
Gold:   185        SH:  0    Dex: 15    Spells: 6/17 levels left

rFire   . . .      SeeInvis +   a - +2 dagger (flame)
rCold   . . .      Faith    .   (no shield)
rNeg    . . .      Spirit   .   l - +0 robe
rPois   .          Reflect  .   h - +2 hat
rElec   .          Harm     .   (no cloak)
rCorr   .          Rampage  .   (gloves unavailable)
Will    +....                   (boots unavailable)
Stlth   +++.......              (no amulet)
HPRegen 0.12/turn               (no ring)
MPRegen 0.15/turn               (no ring)

@: lethally poisoned (-2 -> -9), very slightly contaminated, very quick
A: very small, no large weapons, unfitting armour, see invisible, speed 3
a: Renounce Religion, Recall Undead Harvest


You were on level 5 of the Dungeon.
You worshipped Yredelemnul.
Yredelemnul was noncommittal.
You visited 1 branch of the dungeon, and saw 5 of its levels.

You collected 185 gold pieces.

Inventory:

Hand Weapons
 a - a +2 dagger of flaming (weapon)
 b - the +9 rapier of the Yoke {flame, rPois}
   (You found it on level 2 of the Dungeon)

   It burns those it strikes, dealing additional fire damage.
   rPois:     It protects you from poison.
 o - the +5 dagger of Victory {freeze, rPois Str+5 Int-4 Dex+4}
   (You found it on level 2 of the Dungeon)

   It freezes those it strikes, dealing additional cold damage.
   It can also slow down cold-blooded creatures.
   Str:       It affects your strength (+5).
   Int:       It affects your intelligence (-4).
   Dex:       It affects your dexterity (+4).
   rPois:     It protects you from poison.
 p - a +2 dagger of electrocution
 s - a +2 vampiric dagger
Missiles
 r - 3 throwing nets {!f}
Armour
 h - a +2 hat (worn)
 l - a +0 robe (worn)
Scrolls
 d - 2 scrolls of immolation {unknown}
 e - a scroll of fear {unknown}
 f - a scroll of torment {unknown}
 i - a scroll of teleportation {@r3}
 j - a scroll of noise {unknown}
 m - a scroll of vulnerability {unknown}
 t - a scroll of identify {@r1}
Potions
 c - 4 potions of invisibility
 g - 4 potions of curing {@q1}
 k - 2 potions of mutation
 n - 2 potions of attraction
 q - a potion of lignification


   Skills:
 - Level 2.0 Short Blades
 - Level 2.6 Dodging
 - Level 5.3 Stealth
 + Level 5.2 Spellcasting
 - Level 10.3 Hexes


You had 6 spell levels left.
You knew the following spells:

 Your Spells              Type           Power      Damage    Failure   Level
a - Ensorcelled Hibernat  Hex/Ice        48%        N/A       2%          2
b - Tukima's Dance        Hex            44%        N/A       1%          3
c - Confusing Touch       Hex            44%        N/A       1%          3
d - Dazzling Flash        Conj/Hex       48%        N/A       4%          3

Your spell library contained the following spells:

 Spells                   Type           Power      Damage    Failure   Level


Dungeon Overview and Level Annotations

Branches:
Dungeon (5/15)
 Temple: D:4-7

Altars:
Yredelemnul

Shops:
D:1 (   D:5 ?


Innate Abilities, Weirdness & Mutations

You are very small and have problems with some larger weapons.
You are too small for most types of armour.
You have supernaturally acute eyesight. (SInv)
You cover ground extremely quickly. (Speed+++)


Message History

The killer bee stings you.
Casting: Ensorcelled Hibernation (safe; 2% risk of failure)
Aiming: Ensorcelled Hibernation (safe; 2% risk of failure)
Aim: a killer bee (chance to affect: 64%)
You miscast Ensorcelled Hibernation.
Nothing appears to happen.
The gnoll sergeant is no longer blind.
The killer bee stings you.
You are poisoned.
The killer bee poisons you!
Your hound zombie bites the gnoll sergeant but does no damage.
The killer bee closely misses you.
Casting: Ensorcelled Hibernation (safe; 2% risk of failure)
Aiming: Ensorcelled Hibernation (safe; 2% risk of failure)
Aim: a killer bee (chance to affect: 64%)
The killer bee resists with significant effort.
You feel sick. The killer bee stings you.
You are lethally poisoned!
The killer bee poisons you!
Your hound zombie bites the gnoll sergeant but does no damage.
The gnoll sergeant barely misses you. The killer bee misses you.
You hit the killer bee. You burn the killer bee.
* * * LOW HITPOINT WARNING * * *
You feel very sick.
Your hound zombie bites the gnoll sergeant.
The killer bee completely misses you.
You hit the killer bee. You burn the killer bee.
Your punch misses the killer bee.
* * * LOW HITPOINT WARNING * * *
You feel very sick. The killer bee misses you.
Your hound zombie bites the gnoll sergeant.
The gnoll sergeant hits you from afar with a +0 spear.
* * * LOW HITPOINT WARNING * * *
The ogre misses you. The killer bee closely misses you.
Your hound zombie bites the gnoll sergeant.
You closely miss the killer bee.
* * * LOW HITPOINT WARNING * * *
You feel sick. The killer bee misses you.
The gnoll sergeant hits you from afar with a +0 spear.
You die...
Your body rises from the dead as a mindless zombie.

...# #......###.###..#
.### #......##...##..#
.# #......#.....#Z.#
## #....<....#.....#
.......#.....#..######
.......##...##Z......#
.###.#####.#####Z###.#
#####.
....#.....#⌠...⌠#
......
8.8.#..$@.#.....#.
####..
8....[Oy....⌠.....#
.8.#..go.#....$#..#
####..# .
#..Z..#⌠...⌠#..#
......# ###.#####.###
.# #####.. #.....#
.... # ..# #.....#
.... ..# .........
##### ..# #.#.....#.#


You could see an ogre, a gnoll sergeant (ally target), a killer bee, an orc
priest and a friendly hound zombie.

Vanquished Creatures
  Menkaure (D:4)
  A water moccasin (D:5)
  A black bear (D:5)
  An ice beast (D:5)
  A centaur (D:4)
  A jelly (D:4)
  3 hounds
  An iguana (D:5)
  Terence (D:2)
  An orc wizard (D:4)
  2 adders (D:4)
  4 worms
  3 dart slugs
  9 orcs
  3 bats (D:1)
  7 endoplasms
  3 giant cockroaches
  7 hobgoblins
  3 jackals (D:5)
  9 kobolds
  2 quokkas
  A ball python (D:4)
  10 goblins
  9 rats
84 creatures vanquished.

Vanquished Creatures (collateral kills)
  The ghost of Dabor the Digger, an amateur DgEE (D:4)
  A white imp (D:5)
  A dart slug (D:3)
  An endoplasm (D:2)
  A hobgoblin (D:2)
  A jackal (D:5)
6 creatures vanquished.

Vanquished Creatures (others)
  A dancing weapon (D:4)
  A spectral white imp (D:5)
  A goblin zombie (D:3)
  2 jackal zombies (D:5)
  3 fungi (D:1)
  A plant (D:1)
9 creatures vanquished.

Grand Total: 99 creatures vanquished

Notes
Turn   | Place    | Note
-------+----------+-------------------------------------------
     0 | D:1      | Colgate the Spriggan Enchanter began the quest for the Orb.
     0 | D:1      | Reached XP level 1. HP: 9/9 MP: 5/5
     7 | D:1      | Found Amunyn's Antique Weapon Shop.
    65 | D:1      | Reached skill level 4 in Hexes
   177 | D:1      | Reached XP level 2. HP: 2/13 MP: 6/6
   180 | D:1      | Learned a level 2 spell: Ensorcelled Hibernation
  1046 | D:1      | Reached skill level 5 in Hexes
  1106 | D:1      | Found a faded altar of an unknown god.
  1119 | D:1      | Prayed at the altar of an unknown god.
  1119 | D:1      | Became a worshipper of Yredelemnul the Dark
  1119 | D:1      | Reached * piety under Yredelemnul
  1196 | D:1      | Found Amunyn's Antique Weapon Shop.
  1353 | D:1      | Found a basalt altar of Yredelemnul.
  1567 | D:2      | Noticed Terence
  1579 | D:2      | Killed Terence
  1580 | D:2      | Reached XP level 3. HP: 7/16 MP: 5/9
  1608 | D:2      | Learned a level 3 spell: Tukima's Dance
  1612 | D:2      | Learned a level 3 spell: Confusing Touch
  1953 | D:2      | Identified the +5 dagger of Victory {freeze, rPois Str+5
                  | Int-4 Dex+4}
  2285 | D:2      | Reached ** piety under Yredelemnul
  2600 | D:2      | Reached XP level 4. HP: 21/21 MP: 7/10
  2752 | D:2      | Identified the +9 rapier of the Yoke {flame, rPois}
  3341 | D:4      | Found a runed translucent door.
  3348 | D:4      | Noticed Dabor's ghost (amateur DgEE)
  3368 | D:4      | Reached skill level 6 in Hexes
  3404 | D:4      | Reached XP level 5. HP: 24/24 MP: 11/11
  3507 | D:4      | Reached skill level 5 in Stealth
  3961 | D:4      | Noticed Menkaure
  3968 | D:4      | Killed Menkaure
  3969 | D:4      | Reached skill level 7 in Hexes
  3969 | D:4      | Reached XP level 6. HP: 28/28 MP: 8/12
  3973 | D:4      | Learned a level 3 spell: Dazzling Flash
  4213 | D:4      | Killed Dabor's ghost
  4214 | D:4      | Reached skill level 8 in Hexes
  4214 | D:4      | Reached XP level 7. HP: 5/32 MP: 3/14
  4707 | D:5      | Entered Level 5 of the Dungeon
  4722 | D:5      | Found Buugatae's Magic Scroll Shoppe.
  4724 | D:5      | Reached skill level 9 in Hexes
  4852 | D:5      | Reached skill level 5 in Spellcasting
  5184 | D:5      | Reached skill level 10 in Hexes
  5184 | D:5      | Reached XP level 8. HP: 35/36 MP: 10/16
  5192 | D:5      | Slain by a gnoll sergeant

Illustrated notes

Levels and vault maps discovered:
D:1:      onia_arrival_pentagram, layout_rooms, serial_shops, shop,
          shapermc_ecumenical_altar_mp_urbaneastern
D:2:      layout_rooms, uniq_terence
D:3:      layout_rooms
D:4:      layout_cave_pools, hellmonk_ghost_happy_afterlife, grunt_ministairs_8,
          wad_orctagon, uniq_menkaure
D:5:      layout_basic, grunt_temple_overflow_cloverleaf, serial_shops,
          nicolae_stop_n_shop_2, minmay_chambers_of_fives

Skill      XL: |  1  2  3  4  5  6  7 |
---------------+----------------------+-----
Hexes          | 4 5 6 7 8 10 | 10.3
Spellcasting   | 3 4 5 |  5.2
Short Blades   | 2 |  2.0
Stealth        | 5 |  5.3
Dodging        | |  2.6

Action                   |  1- 3 |  4- 6 |  7- 9 || total
-------------------------+-------+-------+-------++-------
Melee: Dagger            |    74 |    36 |    33 ||   143
       Rapier            |       |     7 |     4 ||    11
       Punch             |       |       |     1 ||     1
 Cast: Ensorcelled Hiber |    33 |    26 |    14 ||    73
       Confusing Touch   |       |     2 |     2 ||     4
       Tukima's Dance    |       |     1 |       ||     1
       Dazzling Flash    |       |       |     4 ||     4
Invok: Dark Bargain      |       |     2 |       ||     2
       Recall Undead Har |       |     1 |       ||     1
  Use: Scroll            |       |     4 |     1 ||     5
 Stab: Sleeping          |    26 |    29 |    11 ||    66
       Confused          |       |     1 |     1 ||     2
Armor: Robe              |     9 |     3 |     6 ||    18
Dodge: Dodged            |    51 |    18 |    48 ||   117

Table legend: (Time is in decaauts)
 A = Elapsed time spent in this place.
 B = Non-inter-level travel time spent in this place.
 C = Inter-level travel time spent in this place.
 D = Time resting spent in this place.
 E = Time spent auto-exploring this place.
 F = Levels seen in this place.
 G = Mean time per level.
                   A        B        C        D        E       F      G
               +--------+--------+--------+--------+--------+-----+--------+
         Total |   5604 |   5476 |    128 |     33 |   4753 |   5 | 1120.8 |
       Dungeon |   5604 |   5476 |    128 |     33 |   4753 |   5 | 1120.8 |
               +--------+--------+--------+--------+--------+-----+--------+

Top non-repeatable levels by time:
     D:4: 1531 daAuts
     D:2: 1446 daAuts
     D:1: 1334 daAuts
     D:3: 740 daAuts
     D:5: 551 daAuts
